 Dungeon Crawl Stone Soup version 0.29.1-1-gd02db6906a (webtiles) character file.

Game seed: 16013606891894769113

40 GigaChad the Conjurer (level 3, -1/19 HPs)
             Began as a Deep Elf Conjurer on Sept 30, 2022.
             Slain by Ijyb
             ... wielding a +0 dagger
              (2 damage)
             ... on level 3 of the Dungeon.
             The game lasted 00:02:43 (1588 turns).

GigaChad the Conjurer (Deep Elf Conjurer)           Turns: 1588, Time: 00:02:44

Health: -1/19      AC:  2    Str:  4    XL:     3   Next: 30%
Magic:  1/10       EV: 12    Int: 24    God:
Gold:   116        SH:  0    Dex: 13    Spells: 7/10 levels left

rFire   . . .      SeeInvis .   (no weapon)
rCold   . . .      Faith    .   (no shield)
rNeg    . . .      Spirit   .   a - +0 robe
rPois   .          Reflect  .   (no helmet)
rElec   .          Harm     .   (no cloak)
rCorr   .          Rampage  .   (no gloves)
Will    .....                   (no boots)
Stlth   ++........              (no amulet)
HPRegen 0.06/turn               (no ring)
MPRegen 0.12/turn               (no ring)

@: no status effects
A: no striking features
a: no special abilities


You were on level 3 of the Dungeon.
You visited 1 branch of the dungeon, and saw 3 of its levels.

You collected 116 gold pieces.

Inventory:

Armour
 a - a +0 robe (worn)
Jewellery
 j - a ring of protection from fire
 n - a +6 ring of strength
 o - a ring of see invisible
Wands
 g - a wand of flame (27)
Scrolls
 c - a scroll of magic mapping {unknown}
 f - 2 scrolls of poison {unknown}
 h - a scroll of blinking {unknown}
 i - 2 scrolls of noise {unknown}
 k - a scroll of teleportation {unknown}
 l - a scroll of brand weapon {unknown}
 m - a scroll of identify {unknown}
Potions
 b - a potion of magic
 d - a potion of might {unknown}
 e - 2 potions of curing {unknown}


   Skills:
 - Level 2.5 Dodging
 - Level 2.4 Stealth
 + Level 4.2 Spellcasting
 - Level 5.0 Conjurations


You had 7 spell levels left.
You knew the following spells:

 Your Spells              Type           Power      Damage    Failure   Level
a - Magic Dart            Conj           100%       1d8       1%          1
b - Searing Ray           Conj           58%        2d6       1%          2

Your spell library contained the following spells:

 Spells                   Type           Power      Damage    Failure   Level
 Dazzling Flash           Conj/Hex       34%        N/A       10%         3
 Poisonous Vapours        Pois/Air       10%        N/A       14%         2
 Fulminant Prism          Conj/Hex       8%         3d7       32%         4
 Iskenderun's Mystic Bla  Conj/Tloc      17%        2d5       32%         4
 Corpse Rot               Necr/Pois/Air  5%         N/A       67%         4


Dungeon Overview and Level Annotations

Branches:
Dungeon (3/15)

Altars:

Shops:
D:2 (

Annotations:
D:3 Ijyb


Message History

You now have 116 gold pieces (gained 8).
Found an escape hatch in the floor.
Ijyb the Twisted Goblin comes into view.
She is wielding a +0 dagger and carrying a wand of flame (24).
Ijyb shouts!
Ijyb zaps a wand.
The puff of flame hits you.
Ijyb is nearby!
Ijyb is nearby!
The magic dart hits Ijyb but does no damage.
The magic dart hits Ijyb.
Ijyb is lightly wounded.
Ijyb zaps a wand.
The puff of flame misses you.
The magic dart hits Ijyb but does no damage.
Ijyb is lightly wounded.
The magic dart hits Ijyb.
Ijyb is lightly wounded.
The magic dart hits Ijyb.
Ijyb is lightly wounded.
The magic dart hits Ijyb.
Ijyb is moderately wounded.
Ijyb screams, "Level is mine!
All mine!"
The magic dart hits Ijyb.
Ijyb is heavily wounded.
The magic dart hits Ijyb.
Ijyb is heavily wounded.
Ijyb drinks a potion.
Ijyb goes berserk!
The magic dart hits Ijyb but does no damage.
Ijyb is heavily wounded.
Ijyb hits you with a +0 dagger.
The magic dart hits Ijyb.
Ijyb is heavily wounded.
Ijyb barely misses you. Ijyb hits you with a +0 dagger.
You are too injured to fight recklessly!
You closely miss Ijyb.
Ijyb is heavily wounded.
Ijyb hits you with a +0 dagger.
* * * LOW HITPOINT WARNING * * *
You closely miss Ijyb.
Ijyb is heavily wounded.
Ijyb hits you with a +0 dagger.
You die...

#. ... #. ...#
..##.$. #.#. #....#.#
.>.###...#..##
#.#@........#
#..g###...#.#
#...###..##.#
#.[..##...#.#
#......#....†...####
#.##.###.....#.....##
#. #.....#.###..## #.
#.....#.# ##..#
#######.#####.#


You could see Ijyb (berserk).

Vanquished Creatures
  An adder (D:3)
  A dart slug (D:1)
  4 endoplasms (D:1)
  2 giant cockroaches (D:1)
  2 goblins
  2 hobgoblins (D:1)
  A ball python (D:2)
  3 bats
  2 frilled lizards (D:1)
  7 kobolds
  4 rats
29 creatures vanquished.

Vanquished Creatures (others)
  A fungus (D:2)
  4 toadstools (D:1)
5 creatures vanquished.

Grand Total: 34 creatures vanquished

Notes
Turn   | Place    | Note
-------+----------+-------------------------------------------
     0 | D:1      | GigaChad the Deep Elf Conjurer began the quest for the Orb.
     0 | D:1      | Reached XP level 1. HP: 10/10 MP: 6/6
   217 | D:1      | Reached XP level 2. HP: 15/15 MP: 5/8
   372 | D:1      | Reached skill level 5 in Conjurations
   497 | D:1      | Learned a level 2 spell: Searing Ray
   922 | D:1      | Found a faded altar of an unknown god.
  1258 | D:2      | Found Rileclarph's Antique Weapon Shop.
  1490 | D:3      | Reached XP level 3. HP: 19/19 MP: 8/10
  1576 | D:3      | Noticed Ijyb
  1588 | D:3      | Slain by Ijyb

Illustrated notes

Levels and vault maps discovered:
D:1:      ldierk_walled_garden_2, layout_basic,
          shapermc_ecumenical_altar_acropolis, minmay_unequal
D:2:      layout_rooms, serial_shops, shop, uniq_crazy_yiuf_cottage
D:3:      layout_rooms, yredelemnul_forgotten_temple_becter,
          nicolae_ru_path_of_blood, uniq_ijyb, uniq_robin

Skill      XL: |  1  2  3 |
---------------+----------+-----
Conjurations   | 5 |  5.0
Spellcasting   | 4 |  4.2
Dodging        | |  2.5
Stealth        | |  2.4

Action                   || total
-------------------------++-------
Melee: Unarmed           ||     2
 Cast: Magic Dart        ||    61
Armor: Robe              ||     1
Dodge: Dodged            ||     3
